Cogmind - Beta 13 @@@ ROGUE MODE // 2024.03.05 @ 19:16:49 Player: Baxter Result: Destroyed by L5-OMN(R) with Subdweller Laser Performance ------------- Evolutions (0) 0 Regions Visited (2) 400 Robots Destroyed (18) 90 Value Destroyed (345) 345 Prototype IDs (0) 0 Alien Tech Used (0) 0 Bonus (0) 0 TOTAL SCORE: 835 Bonus ------- None Cogmind --------- Core Integrity 0/250 Matter 275/300 Energy 244/250 System Corruption 2% Temperature Cool (6) Movement Rolling (145) Ox3 Location -10/Subcaves Parts ------- > --- POWER (1) -------- Ion Engine > --- PROPULSION (2) --- Light Treads Compact Wheel > --- UTILITY (2) ------ High-capacity Storage Unit Signal Interpreter > --- WEAPON (2) ------- EM Pulse Gun EM Pulse Gun > --- INVENTORY (20) --- Ion Engine Ion Engine Light Ion Engine Light Ion Engine Aluminum Leg Aluminum Leg Medium Storage Unit Huge Storage Unit Medium Battery (150) High-capacity Matter Pod (1) Structural Scanner Subdweller Optics Sensor Array Tractor Beam EM Pulse Gun EM Pulse Gun Light Assault Rifle Subdweller Machine Gun Mining Laser Peak State ------------ > --- POWER ------------ Ion Engine > --- PROPULSION ------- Light Treads Compact Wheel > --- UTILITY ---------- High-capacity Storage Unit Structural Scanner > --- WEAPON ----------- Light Assault Rifle Light Assault Rifle > --- INVENTORY -------- Ion Engine Ion Engine Light Ion Engine Light Ion Engine Light Treads Aluminum Leg Aluminum Leg Aluminum Leg Aluminum Leg Medium Storage Unit Huge Storage Unit Medium Battery Signal Interpreter Tractor Beam EM Pulse Gun EM Pulse Gun EM Pulse Gun EM Pulse Gun Grenade Launcher Mining Laser [Rating: 9] Favorites ----------- Power Ion Engine Engine Ion Engine Propulsion Light Treads Treads Light Treads Wheel Compact Wheel Utility High-capacity Storage Unit Device Structural Scanner Storage High-capacity Storage Unit Processor Signal Interpreter Weapon Light Assault Rifle Energy Gun EM Pulse Gun Ballistic Gun Light Assault Rifle Launcher Grenade Launcher Build | -11 -10 -10 ------- Run | Yrd Mat Sub Slots Evolved . | . . . Power . | . . . Propulsion . | . . . Utility . | . . . Weapon . | . . . Parts Attached 19 | 6 10 3 Power 2 | 1 1 . Engine 2 | 1 1 . Core . | . . . Reactor . | . . . Propulsion 4 | 2 1 1 Treads 2 | 1 . 1 Leg . | . . . Wheel 2 | 1 1 . Hover . | . . . Flight . | . . . Utility 6 | 1 5 . Device 1 | . 1 . Storage 4 | 1 3 . Processor 1 | . 1 . Hackware . | . . . Protection . | . . . Artifact . | . . . Weapon 7 | 2 3 2 Energy Gun 3 | . 2 1 Energy Cannon . | . . . Ballistic Gun 3 | 2 1 . Ballistic Cannon . | . . . Launcher 1 | . . 1 Special Weapon . | . . . Impact Weapon . | . . . Slashing Weapon . | . . . Piercing Weapon . | . . . Special Melee Weapon . | . . . Unidentified Prototypes . | . . . Parts Lost 4 | . 3 1 Power . | . . . Propulsion 2 | . 2 . Utility . | . . . Weapon 2 | . 1 1 Highest Loss Streak 1 | . 1 1 To Critical Strikes . | . . . Average Slot Usage (%) 93 | . 92 99 Engine 14 | . 14 14 Treads 11 | . 11 14 Wheel 14 | . 14 14 Device 5 | . 6 . Storage 14 | . 14 14 Processor 4 | . 3 14 Energy Gun 5 | . 3 17 Ballistic Gun 19 | . 23 . Launcher 1 | . . 10 Naked Turns . | . . . Heaviest Build 50 | 13 49 50 Greatest Support 20 | 20 20 20 Greatest Overweight (x) 4 | 1 4 3 Average Overweight (x) 2 | . 2 2 Largest Inventory Capacity 20 | 8 20 20 Average Capacity 17 | 7 18 20 Most Carried 20 | 7 20 20 Average Carried 14 | 4 15 19 Final Capacity 20 | 8 20 20 Final Carried 20 | 7 20 19 Class Distribution -------------------- 100% | Mutant Dominant Class ---------------- Mutant | -10/Materials Mutant | -10/Subcaves Resources | -11 -10 -10 ----------- Run | Yrd Mat Sub Matter Collected 614 | 220 341 53 Remotely . | . . . Salvage Created 583 | 62 468 53 Parts 41 | 3 34 4 Haulers Intercepted 1 | . 1 . Recyclers Shooed 2 | . 2 . Parts Field Recycled . | . . . Retrieved Matter . | . . . Parts Self-Destructed . | . . . Prevented . | . . . Kills | -11 -10 -10 ------- Run | Yrd Mat Sub Combat Hostiles Destroyed 12 | . 11 1 Guns 11 | . 11 . AOE 1 | . . 1 Classes Destroyed 7 | 1 5 1 Hauler 1 | . 1 . Recycler 2 | 1 1 . Operator 1 | . 1 . Watcher 2 | . 2 . Swarmer 6 | . 6 . Grunt 5 | . 5 . Subdweller 1 | . . 1 Best Kill Streak 3 | 1 3 1 Combat Bots Only 3 | . 3 1 Max Kills in Single Turn 1 | 1 1 1 Gunslinging . | . . . Exploded 1 | . . 1 Melee . | . . . Uniques/NPCs Destroyed . | . . . Combat | -11 -10 -10 -------- Run | Yrd Mat Sub Hostile Shots Fired 98 | . 77 21 Missed 33 | . 25 8 Damage Taken 862 | . 572 290 Core 258 | . 126 132 Absorbed by Shields . | . . . Core Remaining (%) 100 | 100 . . Volleys Fired 93 | 4 81 8 Largest 2 | 2 2 2 Hottest 80 | 40 80 80 Shots Fired 164 | 8 145 11 Gun 161 | 8 145 8 Cannon . | . . . Launcher 3 | . . 3 Special . | . . . Kinetic 151 | 8 143 . Thermal . | . . . Explosive 3 | . . 3 Electromagnetic 10 | . 2 8 Robot Hit Streak 9 | 2 9 8 Robot Miss Streak 6 | 2 6 1 Penetration Max . | . . . Secondary Targets . | . . . Shots Hit Robots 90 | 5 76 9 Core Hits 35 | 2 30 3 Critical Kills . | . . . Critical Parts Destroyed . | . . . Critical Strikes . | . . . Melee Attacks . | . . . Impact . | . . . Slashing . | . . . Piercing . | . . . Sneak Attacks . | . . . Combat Hostiles . | . . . Follow-up Attacks . | . . . Damage Inflicted 1035 | 50 745 240 Guns 858 | 50 729 79 Cannons . | . . . Explosions 161 | . . 161 Melee . | . . . Ramming 16 | . 16 . Kinetic 763 | 50 713 . Thermal . | . . . Explosive 161 | . . 161 Electromagnetic 95 | . 16 79 Impact . | . . . Slashing . | . . . Piercing . | . . . Highest Corruption 2 | . 2 2 Average Corruption 2 | . 2 2 Corruption Purged . | . . . Corruption Blocked . | . . . Effects 4 | . 3 1 Matter Fused 1 | . 1 . Heat Flow Errors 1 | . 1 . Energy Discharges 1 | . 1 . Data Loss (minor) 1 | . . 1 Overload Shots . | . . . Overflow Damage . | . . . Projectiles . | . . . Explosions . | . . . Melee . | . . . Knockbacks 1 | . 1 . Impact 1 | . 1 . Kinetic . | . . . Secondary . | . . . Self-Inflicted Damage 8 | . 8 . Shots . | . . . Rammed 1 | . 1 . Targets Rammed 1 | . 1 . Kicked . | . . . Crushed . | . . . Highest Temperature 246 | . 246 . Average Temperature 48 | . 48 . Received Heat Transfer 237 | . 213 24 Siege Activations . | . . . Robots Corrupted . | . . . Combat Hostiles . | . . . Parts Fried . | . . . Impact Corruptions . | . . . Robots Melted . | . . . Combat Hostiles . | . . . Parts Melted . | . . . Heat Transferred . | . . . Parts Sabotaged . | . . . Parts Stolen . | . . . Parts Stripped . | . . . Power Chain Reactions . | . . . Alert | -11 -10 -10 ------- Run | Yrd Mat Sub Peak Influence 332 | 5 332 . Initial 3 | . 3 . Average 95 | 1 104 . Maximum Alert Level 1 | . 1 . Low Security (%) 88 | 100 87 . Level 1 11 | . 12 . Level 2 . | . . . Level 3 . | . . . Level 4 . | . . . Level 5 . | . . . High Security . | . . . Max Security . | . . . Squads Dispatched 2 | . 2 . Investigation 1 | . 1 . Extermination . | . . . Reinforcement 1 | . 1 . Assault . | . . . Garrison . | . . . Intercept . | . . . Searches Triggered . | . . . Construction Impeded . | . . . Haulers Reinforced . | . . . Active Scanning Responses . | . . . Cargo Convoy Interrupts . | . . . Stealth | -11 -10 -10 --------- Run | Yrd Mat Sub Distress Signals 3 | . 3 . Communications Jammed . | . . . Distress Signals . | . . . Times Spotted 28 | . 25 3 Peak Tracking Total 5 | . 5 2 Tactical Retreats 2 | . 2 . Traps | -11 -10 -10 ------- Run | Yrd Mat Sub Traps Triggered 1 | . 1 . Indirectly . | . . . Trap Hack Attempts . | . . . Triggered . | . . . Disarmed . | . . . Reprogrammed . | . . . Reused . | . . . Traps Extracted . | . . . Installed . | . . . Triggered . | . . . Machines | -11 -10 -10 ---------- Run | Yrd Mat Sub Machines Disabled . | . . . Max in Single Turn . | . . . Machines Repaired . | . . . Machines Dismantled . | . . . Machines Sabotaged . | . . . Overloaded Fab Kills . | . . . Hacking | -11 -10 -10 --------- Run | Yrd Mat Sub Machines Accessed 3 | . 3 . Terminals 3 | . 3 . Fabricators . | . . . Repair Stations . | . . . Recycling Units . | . . . Scanalyzers . | . . . Garrison Access . | . . . Total Hacks 9 | . 9 . Successful 5 | . 5 . Failed 4 | . 4 . Catastrophic 1 | . 1 . Database Lockouts . | . . . Manual 9 | . 9 . Terminals 9 | . 9 . Fabricators . | . . . Repair Stations . | . . . Recycling Units . | . . . Scanalyzers . | . . . Garrison Access . | . . . Terminal Hacks 2 | . 2 . Robot Analysis 2 | . 2 . Fabricator Hacks . | . . . Repair Station Hacks . | . . . Recycling Unit Hacks . | . . . Scanalyzer . | . . . Garrison Access Hacks . | . . . Unauthorized Hacks 3 | . 3 . Terminals 3 | . 3 . Botnet 3 | . 3 . Fabricators . | . . . Repair Stations . | . . . Recycling Units . | . . . Scanalyzers . | . . . Garrison Access . | . . . Data Cores Recovered . | . . . Used . | . . . Hacking Detections 3 | . 3 . Full Trace Events 2 | . 2 . Feedback Events . | . . . Feedback Blocked . | . . . Robot Schematics Acquired . | . . . Robots Built . | . . . Authchips . | . . . Time . | . . . Total Robot Build Rating . | . . . Part Schematics Acquired . | . . . Parts Built . | . . . Authchips . | . . . Time . | . . . Total Part Build Rating . | . . . Parts Repaired . | . . . Time . | . . . Parts Recycled . | . . . Recycled Matter . | . . . Retrieved Matter . | . . . Retrieved Components . | . . . Parts Scanalyzed . | . . . Part Schematics Acquired . | . . . Parts Damaged . | . . . Bothacking | -11 -10 -10 ------------ Run | Yrd Mat Sub Used RIF Installer . | . . . Robots Hacked . | . . . Non-combat . | . . . Combat . | . . . Robot Hacks Applied . | . . . Relay Couplers Released . | . . . Fabnet Peak Effective % . | . . . Robots Rewired . | . . . Allies Hacked . | . . . Hacks Repelled . | . . . Allies | -11 -10 -10 -------- Run | Yrd Mat Sub Total Allies . | . . . Largest Group . | . . . Highest-Rated Group . | . . . Highest-Rated Ally . | . . . Total Orders . | . . . Ally Attacks . | . . . Total Damage . | . . . Kills . | . . . Allies Corrupted . | . . . Allies Melted . | . . . Intel | -11 -10 -10 ------- Run | Yrd Mat Sub Robot Analysis Total 2 | . 2 . Derelict Logs Recovered . | . . . Drone Launches . | . . . Drone Recoveries . | . . . Exploration | -11 -10 -10 ------------- Run | Yrd Mat Sub Turns Passed 1492 | 114 1163 215 Spaces Moved 840 | 60 655 125 Core 7 | 7 . . Treads 92 | 52 36 4 Legs . | . . . Wheels 741 | 1 619 121 Hover . | . . . Flight . | . . . Fastest Speed 50 | 50 110 130 Average Speed 138 | 146 135 150 Slowest Speed 320 | 160 240 320 Overloaded Moves . | . . . Propulsion Burnouts . | . . . Robots Hopped . | . . . Cave-ins Triggered . | . . . Exploration Rate (%) 28 | 6 69 10 Regions Visited 2 Branch Regions 1 Pre-discovered Areas . | . . . Known Exits Taken 1 | . 1 . Unknown Exits Taken 1 | 1 . . Scrap Searched . | . . . Spaces Dug . | . . . Terrain Destroyed 13 | . . 13 Melee . | . . . Projectile . | . . . AOE 13 | . . 13 Terrain Rammed . | . . . Walls Destroyed . | . . . Machines Disabled . | . . . Actions | -11 -10 -10 --------- Run | Yrd Mat Sub Total 1030 | 76 812 142 Wait 39 | . 36 3 Move 838 | 59 654 125 Hop . | . . . Pick Up 30 | 7 21 2 Fast Attach 9 | 6 3 . Attach 5 | . 3 2 Detach . | . . . Swap 5 | . 4 1 Drop 10 | . 9 1 Fire 93 | 4 81 8 Melee . | . . . Ram 1 | . 1 . Kick . | . . . Crush . | . . . Escape Stasis . | . . . Rewire . | . . . Trap . | . . . Miscellaneous . | . . . Route ------- -11/Scrapyard -10/Materials (discovered 3 exits: [*Mat x2] / *Sub) -10/Subcaves History --------- Turn | Location | Event 8 | -11/Scrapyard | Discovered new exit (range 15) 115 | -11/Scrapyard | Entered Materials 302 | -10/Materials | Build established: Mutant 535 | -10/Materials | Discovered new exit (range 15) 844 | -10/Materials | Discovered new exit (range 3) 1054 | -10/Materials | Discovered new exit (range 10) 1219 | -10/Materials | Core integrity fell below 50% 1277 | -10/Materials | Identified exit to Subcaves 1278 | -10/Materials | Entered Subcaves 1321 | -10/Subcaves | Core integrity fell below 20% 1493 | -10/Subcaves | Destroyed by L5-OMN(R) with Subdweller Laser Last Messages --------------- 01170_ Dropped Ion Engine. 01171_ K-01 Serf collects debris. 01173_ Acquired Lgt. Ion Engine. 01197_ R-06 Scavenger collects Ion Engine. 01200_ R-06 Scavenger collects Sml. Laser. 01213_ System corrupted: Matter fused (-9). 01218_ Slammed into K-01 Serf. 01218_ K-01 Serf knocked back. 01245_ System corrupted: Heat flow error (+266). 01277_ EXIT=IDENTIFIED: SUBCAVES LOCATION=SUBCAVES AMBIENT_HEAT=-10 GOAL=ESCAPE 01334_ JE-NCO(R) destroyed. 01349_ Acquired Sub. Optics. 01350_ Acquired 53 matter. 01353_ Dropped Lgt. Assault Rifle. 01353_ Acquired Sub. Machine Gun. 01453_ System corrupted: Component data lost. 01473_ Grenade Launcher destroyed. Map ----- +----------------------------------------------------+ | ?????????????????????????????????????????????????? | | ?????????????????????????????????????????????????? | | ?????????????????????????????????????????????????? | | ???????????????????????????????#?????????????????? | | ?????????????????????????????? ?????????????????? | | ?????????????????????????????? ?????????????????? | | ??????????????????????????????? ????????????????? | | ??????????????????????????????? ????????????????? | | ??????????????????????????????? ????????????????? | | ??????????????????????????????? ????????????????? | | ???????????????????????#??????? ????????????????? | | ??????????????????????? ##?????# ????????????????? | | ?????????????????????#? ????## ????????????????? | | ?????????????????????# #??## ###?????????????? | | ??????????????????????# ?## ##????????????? | | ???????????????????????# ?? #????????????? | | ???????????????????????# ?? #????????????? | | ???????????????????????# # #?????????????? | | ??????????????????????? ## # #?????????????? | | ???????????????????????# ## ## ##?????????????? | | ???????????????????????# ## ####???????????? | | ??????????????????????# ##??????????? | | ??????????????????????## # # # #??????????? | | ???????????????????????# ###### #??????????? | | ?????????????????????### #???## ##??????????? | | ?????????????????????# @###????# #???????????? | | ?????????????????????# ###### #???????????? | | ?????????????????????## R## # #???????????? | | ?????????????????????# R #???????????? | | ?????????????????????# #???????????? | | ?????????????????????## # ## #???????????? | | ??????????????????????# ## ### ###???????????? | | ??????????????????##### ## ### #????????????? | | ??????????????????# # # ### #????????????? | | ??????????????????# ## ##????????????? | | ?????????????????## #?????????????? | | ?????????????????# ## #?????????????? | | ?????????????????# ## ##?????????????? | | ????????????###### ### ###????????????? | | ???????###### ## ####?????????? | | ???????# ## ##????????? | | ???????# !! #????????? | | ???????# #### ## ##????????? | | ??????????????## &[ #??#?????????? | | ???????????????# ### ##???????????? | | ??????????????## ## ####????????? | | ??????????????# #????????? | | ?????????????## ### ##????????? | | ????????????## ### ### #?????????? | | ????????????# #?# ## ##?????????? | +----------------------------------------------------+ Best States ------------- Heat Dissipation 25 Energy Generation 10 Energy Capacity 250 Matter Stores 300 Matter Capacity 300 Sight Range 16 Terrain Scan Density 10 Evasion (%) 40 Recoil Reduction 1 Item Schematics ----------------- None Robot Schematics ------------------ None Fabricated ------------ Nothing Alien Tech Used ----------------- None Achievements -------------- None Challenges ------------ None Game ------ Seed SystemAlphaKinecellerator Manual? 0 Play Time 00:13:07 Cumulative 20.7 hours Start 2024.03.05 @ 19:05:19 End 2024.03.05 @ 19:16:49 Sessions 1 Manual Loads 0 Difficulty Rogue Special Mode None Game No. 19 Rogue 19 Adventurer 0 Explorer 0 Win Type - Total 0 Types 0/0/0/0/0/0/0/0/0 Lore% 21 Gallery% 20 Achievement% 21 Wizard Run 0 Options --------- Layout 1 ASCII 0 Keyboard 0 Movement Numpad Keybinds 0 Fullscreen 2 Font 24/Smallcaps Map View 50x35 Zoom Use 0% Tactical HUD 1 Map Filters NONE Filters NONE Steam 0 RUN: d86e715f-c5f0-40e2-ae3a-51aca0d18cde